 Dungeon Crawl Stone Soup version 0.18-b1-22-ge198996 (webtiles) character file.

985 Wooh the Fighter (level 7, -6/70 HPs)
             Began as a Centaur Gladiator on May 4, 2016.
             Was an Initiate of Gozag.
             Mangled by Menkaure (16 damage)
             ... on level 4 of the Dungeon.
             The game lasted 00:11:53 (3854 turns).

Wooh the Fighter (Centaur Gladiator)                Turns: 3854, Time: 00:11:54

Health: -6/70      AC:  7    Str: 17    XL:     7   Next: 97%
Magic:  7/7        EV: 10    Int:  7    God:    Gozag
Gold:   325        SH:  0    Dex: 12    Spells: 0 memorised, 6 levels left

rFire  . . .     SeeInvis .     a - +0 quarterstaff
rCold  . . .     Gourm    .     b - +0 leather armour
rNeg   . . .     Faith    .     (shield currently unavailable)
rPois  .         Spirit   .     c - +0 helmet
rElec  .         Dismiss  .     w - +1 cloak
rCorr  .         Reflect  .     (no gloves)
SustAt .         Harm     .     (no barding)
MR     .....                    (no amulet)
Stlth  ..........               (no ring)
                                e - ring of loudness (curse)

@: gold aura, very quick, not resistant to hostile enchantments, extremely
unstealthy
A: hooves 3, deformed body, speed 2, tough skin 3
a: Potion Petition, Call Merchant, Bribe Branch, Renounce Religion


You were on level 4 of the Dungeon.
You worshipped Gozag.
Gozag was noncommittal.
You were not hungry.

You visited 1 branch of the dungeon, and saw 4 of its levels.

You collected 374 gold pieces.
You paid 49 gold pieces to Gozag.

Inventory:

Hand Weapons
 a - a +0 quarterstaff (weapon)
Missiles
 d - 3 throwing nets (quivered)
 k - 62 arrows
Armour
 b - a +0 leather armour (worn)
 c - a +0 helmet (worn)
 w - a +1 cloak (worn)
Jewellery
 e - a cursed ring of loudness (left hand)
 z - an uncursed ring of protection from cold {unknown}
Scrolls
 h - a scroll of remove curse {unknown}
 l - 2 scrolls of enchant armour {unknown}
 n - 3 scrolls of identify {unknown}
 p - 3 scrolls of teleportation {unknown}
 q - a scroll of enchant weapon {unknown}
 s - a scroll of random uselessness {unknown}
 t - a scroll of blinking {unknown}
 u - a scroll of magic mapping {unknown}
 y - a scroll of fear {unknown}
 B - a scroll of immolation {unknown}
Potions
 g - 4 potions of curing {unknown}
 i - a potion of ambrosia {unknown}
 m - a potion of agility {unknown}
 o - a potion of invisibility {unknown}
 r - a potion of haste {unknown}
 v - a potion of resistance {unknown}
Comestibles
 f - 3 bread rations
 j - a beef jerky
 x - a slice of pizza
 A - a meat ration


   Skills:
 + Level 9.4 Fighting
 - Level 2.6 Staves
 - Level 2.1 Throwing
 - Level 2.1 Dodging


You had 6 spell levels left.
You didn't know any spells.

Dungeon Overview and Level Annotations

Branches:
Dungeon (4/15)
 Temple: D:4-7

Altars:
Ashenzari
Fedhas
Gozag
Makhleb
Pakellas
Qazlal
Ru
Trog
Xom

Annotations:
D:4 Menkaure


Innate Abilities, Weirdness & Mutations

You have hooves in place of feet.
Armour fits poorly on your strangely shaped body.
You cover ground very quickly.
You have extremely tough skin (AC +3).


Message History

Menkaure is severely damaged.
Menkaure hits you!
You hit Menkaure.
Menkaure is almost destroyed.
Menkaure calls on the powers of darkness!
Your body is wracked with pain!
* * * LOW HITPOINT WARNING * * *
You hit Menkaure but do no damage. Your kick misses Menkaure.
Menkaure is almost destroyed.
Menkaure calls on the powers of darkness!
Your body is wracked with pain!
* * * LOW HITPOINT WARNING * * *
You barely miss Menkaure. You kick Menkaure, but do no damage.
Menkaure is almost destroyed.
Menkaure closely misses you.
You barely miss Menkaure.
Menkaure is almost destroyed.
Menkaure hits you!
You die...
Your body crumbles into a pile of gold.

..........#.........#
#..##...####..###..#
##..###..##..(####..#######
#.........#......#.........
#....>....#.)....#.........
#.......>.#......#.........
#........##)######..#####..
#........##.....##..# .
#.........$..).@M...#
#..........).....#.##
#......(.##......#⌠.##+##.
#.......(##......#........
#........(....####........
#.............#...#.......
#.............#...'..._...
#.............#...........
#............)#.)##.......


You could see Menkaure.

Vanquished Creatures
  Grinder (D:3)
  Eustachio (D:4)
  A phantom (D:4)
  An ogre (D:4)
  Blork the orc (D:4)
  5 crimson imps
  An orc wizard (D:4)
  An orc priest (D:4)
  A hound skeleton (D:4)
  4 gnolls (D:3)
  A howler monkey skeleton (D:4)
  7 adders
  3 oozes
  A worm (D:3)
  3 dart slugs
  2 giant geckos (D:4)
  5 orcs (D:4)
  A ball python (D:1)
  4 giant cockroaches
  5 goblins (D:1)
  9 hobgoblins
  4 jackals
  6 kobolds
  2 quokkas
  2 bats
  3 giant newts
  5 rats
80 creatures vanquished.

Notes
Turn   | Place    | Note
--------------------------------------------------------------
     0 | D:1      | Wooh the Centaur Gladiator began the quest for the Orb.
     0 | D:1      | Reached XP level 1. HP: 17/17 MP: 1/1
   138 | D:1      | Reached XP level 2. HP: 14/25 MP: 2/2
   140 | D:1      | Reached skill level 3 in Fighting
   573 | D:1      | Reached XP level 3. HP: 31/31 MP: 3/3
   878 | D:2      | Reached skill level 4 in Fighting
  1108 | D:2      | Reached XP level 4. HP: 31/41 MP: 4/4
  1479 | D:3      | Noticed Grinder
  1484 | D:3      | Found a faded altar to an unknown god.
  1597 | D:3      | Killed Grinder
  1597 | D:3      | Reached skill level 6 in Fighting
  1597 | D:3      | Reached XP level 5. HP: 37/51 MP: 5/5
  1597 | D:3      | Reached XP level 6. HP: 42/58 MP: 6/6
  1703 | D:3      | Found a shimmering altar of Xom.
  1748 | D:3      | Found a blossoming altar of Fedhas.
  1748 | D:3      | Found a bloodstained altar of Trog.
  1750 | D:3      | Found a burning altar of Makhleb.
  1771 | D:3      | Found an opulent altar of Gozag.
  1775 | D:3      | Found a stormy altar of Qazlal.
  1777 | D:3      | Found a sacrificial altar of Ru.
  1805 | D:3      | Became a worshipper of Gozag Ym Sagoz the Greedy
  1829 | D:3      | Found an oddly glowing altar of Pakellas.
  1829 | D:3      | Noticed a five-headed hydra
  1890 | D:3      | Reached skill level 7 in Fighting
  2397 | D:4      | Noticed Menkaure
  2408 | D:4      | Reached XP level 7. HP: 11/67 MP: 7/7
  2631 | D:4      | Noticed Eustachio
  3303 | D:4      | Killed Eustachio
  3303 | D:4      | Reached skill level 8 in Fighting
  3383 | D:4      | Found a shattered altar of Ashenzari.
  3416 | D:4      | Reached skill level 9 in Fighting
  3518 | D:4      | Noticed Blork the orc
  3534 | D:4      | Killed Blork the orc
  3854 | D:4      | Mangled by Menkaure

Skill      XL: |  1  2  3  4  5  6  7 |
---------------+----------------------+-----
Fighting       | 3 4 6 7 9 |  9.4
Staves         | |  2.6
Throwing       | |  2.1
Dodging        | |  2.1

Action                   |  1- 3 |  4- 6 |  7- 9 || total
-------------------------+-------+-------+-------++-------
Melee: Quarterstaff      |    83 |   159 |   117 ||   359
       Kick              |    13 |    40 |    37 ||    90
Throw: Throwing net      |       |       |     1 ||     1
Invok: Potion Petition   |       |     1 |       ||     1
  Eat: Chunk             |       |     3 |       ||     3
       Meat ration       |       |       |     1 ||     1
Armor: Leather armour    |    29 |    53 |    75 ||   157
Dodge: Dodged            |    28 |    87 |   106 ||   221
